 Dungeon Crawl Stone Soup version 0.29-a0-824-gd827844252 (webtiles) character file.

Game seed: 1629397916920138876

181821 Morbidden the Destroyer (level 17, -2/127 HPs)
             Began as a Demonspawn Conjurer on July 9, 2022.
             Was the Champion of Cheibriados.
             Killed from afar by a merfolk aquamancer (47 damage)
             ... with a torrent of water
             ... on level 4 of the Shoals.
             The game lasted 01:13:08 (37780 turns).

Morbidden the Destroyer (Demonspawn Conjurer)      Turns: 37780, Time: 01:13:09

Health: -2/127     AC: 19    Str: 23    XL:     17   Next: 34%
Magic:  0/32       EV: 22    Int: 43    God:    Cheibriados [******]
Gold:   2025       SH:  0    Dex: 26    Spells: 15/39 levels left

rFire   + . .      SeeInvis .   b - +9 staff of Olgreb {rPois∞}
rCold   . . .      Faith    .   (no shield)
rNeg    . . .      Spirit   +   d - +0 steam dragon scales
rPois   ∞          Reflect  .   R - +0 hat
rElec   +          Harm     .   r - +2 cloak
rCorr   .          Rampage  .   (gloves unavailable)
Will    +....      Archmagi +   O - +2 pair of boots
Stlth   ++++......              V - amulet of magic regeneration
HPRegen 0.31/turn               N - ring of Abigedi {rF+ AC+4}
MPRegen 0.86/turn               Q - ring of the Mage {Wiz Archmagi}

@: very slow
A: thin metallic scales 3, foul stench 1, magic shield, magic regeneration,
magic link, demonic touch 3, horns 1
}: 1/15 runes: barnacled
a: Renounce Religion, Evoke the Staff of Olgreb, Bend Time, Temporal Distortion,
Slouch, Step From Time


You were on level 4 of the Shoals.
You worshipped Cheibriados.
Cheibriados was exalted by your worship.
You visited 5 branches of the dungeon, and saw 28 of its levels.
You also visited: Gauntlet.

You collected 2683 gold pieces.
You spent 658 gold pieces at shops.

Inventory:

Hand Weapons
 a - a +3 scimitar of flaming
 b - the +9 staff of Olgreb (weapon) {rPois∞}
   (You found it in a Gauntlet)

   If the wielder is skilled in Evocations, they can envenom those struck by it,
   dealing poison damage which bypasses armour.
   It enhances your poison magic.
   It grants immunity to poison.
   It can be activated via the 'a'bility menu to radiate toxic energy, with
   effectiveness depending on Evocations skill.
 T - the +6 war axe of Righteous Fury {vorpal, Str+6}
   (You found it on level 7 of the Dungeon)

   It inflicts extra damage upon your enemies.
   Str:       It affects your strength (+6).
 Y - a +1 triple sword of electrocution
Missiles
 q - 15 javelins
 H - 8 throwing nets
 Z - 9 boomerangs (quivered)
Armour
 d - +0 steam dragon scales (worn)
 r - a +2 cloak (worn)
 O - a +2 pair of boots (worn)
 R - a +0 hat (worn)
Magical Staves
 U - a staff of air
Jewellery
 o - a ring of see invisible
 x - a +4 ring of protection
 F - a +4 ring of evasion
 I - a ring of flight
 M - a ring of resist corrosion
 N - the ring of Abigedi (left hand) {rF+ AC+4}
   (You found it on level 13 of the Dungeon)

   [ring of protection]

   AC:        It affects your AC (+4).
   rF:        It protects you from fire.
 Q - the ring of the Mage (right hand) {Wiz Archmagi}
   (You found it in a Gauntlet)

   [ring of wizardry]

   It improves your spell success rate.
   Archmagi:  It increases the power of your magical spells.
 V - an amulet of magic regeneration (around neck)
 W - an amulet of reflection
Wands
 m - a wand of quicksilver (23)
 p - a wand of iceblast (4)
 s - a wand of digging (6)
 B - a wand of paralysis (28)
 E - a wand of polymorph (20)
 K - a wand of mindburst (10)
Scrolls
 c - 4 scrolls of amnesia
 e - 21 scrolls of identify
 f - 3 scrolls of magic mapping
 i - 11 scrolls of enchant armour
 j - 2 scrolls of fear
 k - 7 scrolls of enchant weapon
 l - 7 scrolls of immolation
 u - 2 scrolls of fog
 A - a scroll of poison
 G - 15 scrolls of teleportation
 P - 2 scrolls of blinking
Potions
 g - 2 potions of lignification
 h - 2 potions of haste {unknown}
 n - 2 potions of might
 t - 2 potions of attraction {unknown}
 v - 17 potions of curing
 w - 4 potions of resistance
 y - 5 potions of magic
 z - 2 potions of cancellation {unknown}
 C - a potion of invisibility {unknown}
 D - 7 potions of heal wounds
 J - a potion of mutation
 L - a potion of flight {unknown}
 S - a potion of berserk rage {unknown}
 X - a potion of brilliance


   Skills:
 * Level 9.8 Fighting
 + Level 7.4(8.1) Short Blades
 * Level 4.8(6.8) Long Blades
 + Level 10.5 Axes
 + Level 2.8 Staves
 + Level 0.2 Throwing
 + Level 0.9 Armour
 * Level 10.3 Dodging
 + Level 5.4 Stealth
 * Level 11.7 Spellcasting
 * Level 12.0 Conjurations
 * Level 8.0 Translocations
 * Level 3.5 Transmutations
 * Level 6.6 Air Magic
 * Level 3.3 Earth Magic
 * Level 11.2 Invocations
 * Level 9.1 Evocations


You had 15 spell levels left.
You knew the following spells:

 Your Spells              Type           Power      Damage    Failure   Level
a - Airstrike             Air            44%        0-14+     1%          4
b - Orb of Destruction    Conj           57%        9d14      3%          7
c - Searing Ray           Conj           100%       2d8       0%          2
s - Statue Form           Tmut/Erth      46%        N/A       17%         6
x - Magic Dart            Conj           100%       1d8       0%          1
z - Iskenderun's Mystic   Conj/Tloc      100%       2d19      1%          4

Your spell library contained the following spells:

 Spells                   Type           Power      Damage    Failure   Level
 Shock                    Conj/Air       100%       1d9       1%          1
 Blink                    Tloc           100%       N/A       1%          2
 Sublimation of Blood     Necr           37%        N/A       1%          2
 Wereblood                Tmut           71%        N/A       1%          2
 Dazzling Flash           Conj/Hex       100%       N/A       1%          3
 Gell's Gravitas          Tloc           97%        N/A       1%          3
 Lesser Beckoning         Tloc           97%        N/A       1%          3
 Swiftness                Air            89%        N/A       1%          3
 Teleport Other           Tloc           97%        N/A       1%          3
 Fulminant Prism          Conj/Hex       43%        3d20      1%          4
 Petrify                  Tmut/Erth      70%        N/A       1%          4
 Summon Lightning Spire   Summ/Air       69%        N/A       1%          4
 Fireball                 Conj/Fire      43%        3d17      1%          5
 Iskenderun's Battlesphe  Conj           100%       2d15      1%          5
 Manifold Assault         Tloc           97%        N/A       1%          5
 Conjure Ball Lightning   Conj/Air       51%        3x3d18    1%          6
 Animate Armour           Summ/Erth      100%       N/A       2%          4
 Dispersal                Tloc           48%        N/A       2%          6
 Blade Hands              Tmut           35%        N/A       3%          5
 Iron Shot                Conj/Erth      47%        9d9       3%          6
 Summon Ice Beast         Ice/Summ       37%        N/A       4%          4
 Metabolic Englaciation   Hex/Ice        18%        N/A       13%         5
 Summon Mana Viper        Hex/Summ       37%        N/A       13%         5
 Monstrous Menagerie      Summ           18%        N/A       98%         7
 Summon Hydra             Summ           18%        N/A       98%         7


Dungeon Overview and Level Annotations

Branches:
Dungeon (15/15)            Temple (0/1) D:7            Lair (6/6) D:10
 Shoals (4/4) Lair:4       Spider (1/4) Lair:2        Slime (0/5) Lair:5
    Orc (2/2) D:9             Elf (0/3) Orc:2        Vaults (0/5) D:13
 Depths (0/4) D:15        Gauntlet (visited)

Altars:
Cheibriados
Dithmenos
Fedhas
Gozag
Hepliaklqana
Kikubaaqudgha
Makhleb
Sif Muna
Uskayaw
Wu Jian
Yredelemnul
Jiyva

Shops:
D:1 =   D:7 ?   D:9 *   D:10 ?   D:14 *   Orc:1 :   Orc:2 (([[   Shoals:1 !

Annotations:
D:7 2 transporters
D:11 3 runed translucent doors, Sickboy's ghost, journeyman MiBe
Lair:4 3 runed translucent doors, Syac's ghost, journeyman DsCj
Shoals:1 3 runed translucent doors, Yveteg's ghost, adept DsHW


Innate Abilities, Weirdness & Mutations

You are completely covered in thin metallic scales. (AC +4, rElec)
You may rarely emit foul miasma when damaged in melee.
When hurt, damage is shared between your health and your magic reserves.
You regenerate magic rapidly.
When low on magic, you restore magic in place of health.
Your touch may irresistibly damage your foes and sap their willpower.
You have a pair of small horns on your head.


Message History

Unknown command.
Unknown command.
Unknown command.
Casting: Airstrike (safe; 1% risk of failure)
Confirm with . or Enter, or press ? or * to list all spells.
You feel a surge of power!
You erupt in a blast of force!
The mystic blast hits the merfolk aquamancer!!
The merfolk aquamancer is severely wounded.
The merfolk aquamancer is knocked back by the mystic blast.
The mystic blast hits the merfolk!!
The merfolk is almost dead.
The merfolk is knocked back by the mystic blast.
The merfolk aquamancer points at you and mumbles some strange words.
The shard of ice hits you!!
* * * LOW HITPOINT WARNING * * *
Unknown command.
Unknown command.
Unknown command.
Unknown command.
Things that are here:
a +2 rapier of speed; a +0 robe; a merfolk corpse Unknown command.
You close the door.
Unknown command.
You feel much better.
A merfolk opens the door.
Unknown command.
Unknown command.
Casting: Iskenderun's Mystic Blast (safe; 1% risk of failure)
Confirm with . or Enter, or press ? or * to list all spells.
You feel a surge of power!
You erupt in a blast of force!
The mystic blast hits the merfolk!!
You kill the merfolk!
Cheibriados thoroughly appreciates the change of pace.
You hear a splash. x3
Unknown command.
Unknown command.
You start resting.
The merfolk aquamancer points at you and mumbles some strange words.
The torrent of water hits you!!!
You die...

≈≈≈≈..........≈......≈..†...≈
≈≈≈≈!................≈†......
≈≈≈≈..................≈...≈.≈
≈≈≈............m...<.≈≈≈.≈..≈
≈≈≈............)...........≈≈
≈≈≈≈....<≈≈m..............≈≈≈
≈##+##...≈≈)...........).≈≈≈≈
##..##'##...≈....)).)≈≈≈
#.##≈.@##.......)...≈≈≈
#.#≈))..#....≈.......≈≈
#.#≈≈...#...≈≈≈.[).<.÷≈
#.#.....#..≈≈≈..###.≈≈≈
##...##........##)≈≈≈
#####P.....≈.....≈≈≈
..P..≈≈≈≈≈.≈≈≈≈≈
≈≈≈≈≈≈≈≈≈≈≈≈≈≈≈
≈≈≈≈≈≈≈≈≈≈≈≈≈≈≈


You could see a merfolk aquamancer.

Vanquished Creatures
  Bai Suzhen (Shoals:3)
  Jorgrun (Shoals:2)
  A kraken (Shoals:3)
  Gastronok (Lair:3)
  Kirke (Shoals:3)
  Ilsuiw (Shoals:2)
  A ghost moth (Spider:1)
  An ironbound preserver (D:13)
  A dire elephant (D:15)
  A minotaur (Gauntlet)
  4 merfolk impalers
  3 merfolk javelineers
  4 boulder beetles
  Harold (D:9)
  12 hydras
  3 catoblepae (Lair:6)
  4 centaur warriors
  An ogre mage (D:15)
  2 merfolk avatars
  An alligator snapping turtle (Shoals:4)
  3 merfolk aquamancers
  6 death yaks
  9 two-headed ogres
  2 satyrs
  2 tengu warriors
  An orc high priest (Orc:2)
  4 skeletal warriors (D:13)
  2 pharaoh ants (Spider:1)
  A wretched star (Gauntlet)
  5 sea snakes
  An obsidian statue (Gauntlet)
  An orb spider (Spider:1)
  A lindwurm (Lair:2)
  18 harpies
  Pikel (D:7)
  2 deep elf pyromancers (D:13)
  11 orc knights
  A wolf spider zombie (D:14)
  19 ugly things
  2 orc sorcerers
  4 wolf spiders (Spider:1)
  12 manticores
  A moth of wrath (Spider:1)
  22 elephants
  A centaur zombie (D:14)
  5 cyclopes
  A salamander (D:15)
  15 fauns
  7 black mambas
  A torpor snail (Spider:1)
  7 merfolk sirens
  5 water nymphs
  17 cane toads
  2 kobold demonologists (D:13)
  3 rime drakes
  2 demonic crawlers (Spider:1)
  2 freezing wraiths
  A tengu conjurer (D:12)
  2 efreet
  A komodo dragon (shapeshifter) (D:14)
  11 komodo dragons
  4 polar bears
  23 merfolk
  11 trolls
  5 wind drakes
  2 hornets
  5 saltlings (Orc:2)
  3 tarantellas (Spider:1)
  3 blink frogs (Lair:4)
  16 slime creatures
  8 snapping turtles
  31 dream sheep
  8 jumping spiders
  3 shadows
  7 culicivoras
  2 wraiths
  8 water elementals
  A vampire (D:13)
  58 yaks
  3 wyverns
  Eustachio (D:5)
  2 basilisks
  4 hogs (Shoals:3)
  A neqoxec (Gauntlet)
  10 vampire mosquitoes
  13 redbacks
  4 steam dragons
  Menkaure (D:6)
  5 wargs
  2 acid dragons
  14 water moccasins
  9 black bears
  2 ice beasts
  2 sky beasts
  32 orc warriors
  12 ogres
  16 centaurs
  12 wolves
  A lemure (D:7)
  A small abomination (Gauntlet)
  3 phantoms
  A kobold brigand (D:9)
  A necrophage (D:6)
  20 bullfrogs
  2 gnoll sergeants
  3 scorpions
  3 wights (D:8)
  2 troll zombies (D:9)
  9 killer bees
  4 howler monkeys
  An electric eel (Lair:1)
  2 hounds
  2 gnoll boudas
  17 orc priests
  4 jellies
  10 iguanas
  17 orc wizards
  4 ogre zombies (D:9)
  Robin (D:4)
  18 gnolls
  6 adders
  2 shadow imps
  3 ufetubi
  2 worms
  2 dart slugs
  66 orcs
  3 bats
  8 endoplasms
  4 giant cockroaches
  10 goblins
  8 hobgoblins
  3 jackals (D:1)
  7 quokkas
  11 ball pythons
  5 frilled lizards
  A goblin skeleton (D:9)
  3 goblin zombies (D:9)
  A hobgoblin skeleton (D:9)
  2 hobgoblin zombies (D:9)
  10 kobolds
  3 orc skeletons (D:9)
  9 orc zombies (D:9)
  3 rats
  8 pillars of salt (Orc:2)
  3 tentacles (Shoals:3)
911 creatures vanquished.

Vanquished Creatures (collateral kills)
  2 yaks (Lair:1)
2 creatures vanquished.

Vanquished Creatures (others)
  A merfolk aquamancer (Shoals:4)
  A wizard (D:15)
  A warg (Orc:2)
  2 bushes (Lair:6)
  51 fungi
  226 plants
  6 tentacles (Shoals:3)
288 creatures vanquished.

Grand Total: 1201 creatures vanquished

Notes
Turn   | Place    | Note
-------+----------+-------------------------------------------
     0 | D:1      | Morbidden the Demonspawn Conjurer began the quest for the
                  | Orb.
     0 | D:1      | Reached XP level 1. HP: 13/13 MP: 3/3
   207 | D:1      | Found Ladeorph's Jewellery Boutique.
   235 | D:1      | Gained mutation: You are partially covered in thin metallic
                  | scales. (AC +2) [demonic ancestry]
   235 | D:1      | Reached XP level 2. HP: 6/19 MP: 1/5
   682 | D:1      | Learned a level 2 spell: Searing Ray
  1074 | D:1      | Reached XP level 3. HP: 19/25 MP: 2/6
  1839 | D:2      | Found a faded altar of an unknown god.
  2275 | D:2      | Reached skill level 1 in Fighting
  2551 | D:2      | Reached XP level 4. HP: 18/32 MP: 0/7
  3836 | D:3      | Reached skill level 5 in Conjurations
  4174 | D:4      | Gained mutation: You may rarely emit foul miasma when
                  | damaged in melee. [demonic ancestry]
  4174 | D:4      | Reached XP level 5. HP: 37/37 MP: 1/9
  4250 | D:4      | Found a shimmering blue altar of Sif Muna.
  4331 | D:4      | Noticed a black bear
  4339 | D:4      | Killed a black bear
  4659 | D:4      | Gained mutation: You are mostly covered in thin metallic
                  | scales. (AC +3) [demonic ancestry]
  4659 | D:4      | Reached XP level 6. HP: 44/44 MP: 5/11
  4770 | D:4      | Noticed Robin
  4780 | D:4      | Killed Robin
  5355 | D:5      | Entered Level 5 of the Dungeon
  5428 | D:5      | Noticed an ice beast
  5440 | D:5      | Killed an ice beast
  5529 | D:5      | Gained mutation: You regenerate magic rapidly. [demonic
                  | ancestry]
  5529 | D:5      | Reached XP level 7. HP: 50/50 MP: 4/12
  5563 | D:5      | Reached skill level 1 in Evocations
  5629 | D:5      | Reached skill level 1 in Short Blades
  5629 | D:5      | Reached skill level 6 in Conjurations
  5695 | D:5      | Noticed Eustachio
  5707 | D:5      | Killed Eustachio
  5853 | D:5      | Found an ancient bone altar of Kikubaaqudgha.
  5858 | D:5      | Found a snail-covered altar of Cheibriados.
  5858 | D:5      | Found a shadowy altar of Dithmenos.
  5900 | D:5      | Became a worshipper of Cheibriados the Contemplative
  6023 | D:5      | Learned a level 4 spell: Iskenderun's Mystic Blast
  6138 | D:5      | Reached skill level 1 in Invocations
  6495 | D:6      | Noticed Menkaure
  6498 | D:6      | Killed Menkaure
  6499 | D:6      | Gained mutation: When hurt, damage is shared between your
                  | health and your magic reserves. [demonic ancestry]
  6499 | D:6      | Reached XP level 8. HP: 57/57 MP: 5/15
  6620 | D:6      | Found an ornate altar of the Wu Jian Council.
  6711 | D:6      | Reached * piety under Cheibriados
  6712 | D:6      | Reached skill level 5 in Spellcasting
  6720 | D:6      | Reached skill level 1 in Translocations
  6815 | D:6      | Reached skill level 7 in Conjurations
  7052 | D:6      | Found a blossoming altar of Fedhas.
  7517 | D:6      | Found a hazy altar of Hepliaklqana.
  7577 | D:7      | Found a transporter.
  7595 | D:7      | Gained mutation: You are completely covered in thin
                  | metallic scales. (AC +4, rElec) [demonic ancestry]
  7595 | D:7      | Reached XP level 9. HP: 58/64 MP: 12/17
  7961 | D:7      | Identified the +6 war axe of Righteous Fury {vorpal, Str+6}
  8184 | D:7      | Noticed Pikel
  8197 | D:7      | Killed Pikel
  8198 | D:7      | Reached skill level 8 in Conjurations
  8319 | D:7      | Reached ** piety under Cheibriados
  8346 | D:7      | Found a transporter.
  8360 | D:7      | Found a staircase to the Ecumenical Temple.
  8530 | D:7      | Found a burning altar of Makhleb.
  8629 | D:7      | Found Wiolakol's Magic Scroll Shop.
  8638 | D:7      | Bought a scroll of poison for 42 gold pieces
  8638 | D:7      | Bought a scroll of poison for 42 gold pieces
  9116 | D:8      | Gained mutation: Your body sometimes deteriorates upon
                  | taking damage. [potion of mutation]
  9116 | D:8      | Gained mutation: You are frail. (-10% HP) [potion of
                  | mutation]
  9116 | D:8      | Gained mutation: Your muscles are strong. (Str +4, Int/Dex
                  | -1) [potion of mutation]
  9116 | D:8      | Gained mutation: You are agile. (Dex +4, Str/Int -1)
                  | [potion of mutation]
  9119 | D:8      | Reached skill level 1 in Axes
  9119 | D:8      | Gained mutation: Your touch may inflict minor irresistible
                  | damage on your foes. [demonic ancestry]
  9119 | D:8      | Reached XP level 10. HP: 42/63 MP: 2/20
  9214 | D:8      | Lost mutation: You are agile. (Dex +4, Str/Int -1) [potion
                  | of mutation]
  9214 | D:8      | Lost mutation: Your muscles are strong. (Str +4, Int/Dex
                  | -1) [potion of mutation]
  9214 | D:8      | Lost mutation: You are frail. (-10% HP) [potion of
                  | mutation]
  9214 | D:8      | Gained mutation: You are occasionally teleported next to
                  | monsters. [potion of mutation]
  9214 | D:8      | Gained mutation: You have a pair of small horns on your
                  | head. [potion of mutation]
  9214 | D:8      | Gained mutation: Armour fits poorly on your strangely
                  | shaped body. [potion of mutation]
  9215 | D:8      | Lost mutation: Armour fits poorly on your strangely shaped
                  | body. [potion of mutation]
  9215 | D:8      | Lost mutation: You are occasionally teleported next to
                  | monsters. [potion of mutation]
  9215 | D:8      | Lost mutation: Your body sometimes deteriorates upon taking
                  | damage. [potion of mutation]
  9215 | D:8      | Gained mutation: You expend magic power (3 MP) to
                  | strengthen your wands. [potion of mutation]
  9215 | D:8      | Gained mutation: Your magical capacity is low. (-10% MP)
                  | [potion of mutation]
  9217 | D:8      | Lost mutation: You expend magic power (3 MP) to strengthen
                  | your wands. [potion of mutation]
  9217 | D:8      | Lost mutation: Your magical capacity is low. (-10% MP)
                  | [potion of mutation]
  9217 | D:8      | Lost mutation: You have a pair of small horns on your head.
                  | [potion of mutation]
  9217 | D:8      | Gained mutation: You have a pair of small horns on your
                  | head. [potion of mutation]
 10046 | D:9      | Reached *** piety under Cheibriados
 10046 | D:9      | Noticed Harold
 10064 | D:9      | Killed Harold
 10065 | D:9      | Reached skill level 5 in Invocations
 10065 | D:9      | Noticed a two-headed ogre
 10070 | D:9      | Killed a two-headed ogre
 10286 | D:9      | Reached skill level 5 in Dodging
 10330 | D:9      | Found a staircase to the Orcish Mines.
 10564 | D:9      | Reached **** piety under Cheibriados
 10654 | D:9      | Found an opulent altar of Gozag.
 10675 | D:9      | Found Gozag's Platinum Reserve.
 10743 | D:9      | Gained mutation: Your touch may inflict irresistible damage
                  | on your foes. [demonic ancestry]
 10743 | D:9      | Reached XP level 11. HP: 65/78 MP: 15/22
 11386 | D:10     | Entered Level 10 of the Dungeon
 11394 | D:10     | Found Giytakk's Magic Scroll Boutique.
 11402 | D:10     | Bought a scroll of blinking for 120 gold pieces
 11402 | D:10     | Bought a scroll of teleportation for 48 gold pieces
 11402 | D:10     | Bought a scroll of enchant armour for 120 gold pieces
 11534 | D:10     | Reached skill level 5 in Fighting
 11550 | D:10     | Found a staircase to the Lair.
 11609 | D:10     | Reached ***** piety under Cheibriados
 11612 | D:10     | Reached skill level 5 in Axes
 11831 | D:10     | Reached skill level 9 in Conjurations
 11902 | D:10     | Noticed a two-headed ogre
 11909 | D:10     | Killed a two-headed ogre
 12046 | D:10     | Reached skill level 5 in Evocations
 12263 | D:10     | Found a hide-covered altar of Uskayaw.
 12450 | Lair:1   | Entered Level 1 of the Lair of Beasts
 12754 | Lair:1   | Reached XP level 12. HP: 82/86 MP: 21/23
 13736 | Lair:1   | Noticed a four-headed hydra
 13744 | Lair:1   | Killed a four-headed hydra
 14127 | Lair:2   | Reached skill level 5 in Translocations
 14417 | Lair:2   | Found a hole to the Spider Nest.
 14448 | Lair:2   | Reached ****** piety under Cheibriados
 14612 | Lair:2   | Noticed a four-headed hydra
 14620 | Lair:2   | Reached skill level 5 in Short Blades
 14621 | Lair:2   | Noticed a boulder beetle
 14623 | Lair:2   | Killed a four-headed hydra
 15069 | Lair:2   | Killed a boulder beetle
 15401 | Lair:2   | Noticed a death yak
 15417 | Lair:2   | Killed a death yak
 15448 | Lair:2   | Noticed an eight-headed hydra
 15458 | Lair:2   | Killed an eight-headed hydra
 15761 | Lair:3   | Noticed a boulder beetle
 15878 | Lair:3   | Reached XP level 13. HP: 94/94 MP: 7/25
 16277 | Lair:3   | Noticed Gastronok
 16293 | Lair:3   | Killed Gastronok
 16697 | Lair:3   | Identified the +0 ring mail of Unambiguity {rElec}
 16871 | Lair:3   | Learned a level 4 spell: Airstrike
 17235 | Lair:4   | Found a runed translucent gate.
 17235 | Lair:4   | Found a runed translucent gate.
 17235 | Lair:4   | Found a runed translucent gate.
 17237 | Lair:4   | Noticed Syac's ghost (journeyman DsCj)
 17256 | Lair:4   | Reached skill level 10 in Conjurations
 17563 | Lair:4   | Found a staircase to the Shoals.
 17723 | Lair:4   | Identified the +3 leather armour "Emidwell" {Harm}
 18145 | Lair:5   | Reached skill level 1 in Air Magic
 18672 | Lair:5   | Found a viscous altar of Jiyva.
 18672 | Lair:5   | Found a staircase to the Slime Pits.
 18891 | Lair:6   | Entered Level 6 of the Lair of Beasts
 19586 | Lair:6   | Reached XP level 14. HP: 77/103 MP: 18/27
 19985 | Lair:6   | Reached skill level 10 in Axes
 20314 | Lair:6   | Got the Compendium of the End
 21906 | D:11     | Found a runed translucent gate.
 21906 | D:11     | Identified the +1 plate armour of the Enchanted Forest
                  | {+Blink}
 21918 | D:11     | Found a runed translucent gate.
 21919 | D:11     | Found a runed translucent gate.
 21919 | D:11     | Noticed Sickboy's ghost (journeyman MiBe)
 22102 | D:11     | Identified the +0 chain mail "Ociediy" {Fly rCorr}
 22207 | D:12     | Reached skill level 5 in Stealth
 22854 | D:13     | Identified the ring of Abigedi {rF+ AC+4}
 23675 | D:13     | Reached skill level 11 in Conjurations
 23989 | D:13     | Found a gate to the Vaults.
 23989 | D:13     | Noticed an ironbound preserver
 24002 | D:13     | Killed an ironbound preserver
 24003 | D:13     | Gained mutation: Your touch may irresistibly damage your
                  | foes and sap their willpower. [demonic ancestry]
 24003 | D:13     | Reached XP level 15. HP: 94/110 MP: 16/28
 24646 | D:14     | Found a gate leading to a gauntlet.
 24653 | Gauntlet | Entered a Gauntlet
 24653 | Gauntlet | Found a transporter.
 24653 | Gauntlet | Found a transporter.
 24653 | Gauntlet | Found a transporter.
 24676 | Gauntlet | Found a transporter.
 24688 | Gauntlet | Found a transporter.
 24695 | Gauntlet | Found the ring of the Mage {Wiz Archmagi}
 24715 | Gauntlet | Found a transporter.
 24752 | Gauntlet | Found a transporter.
 24762 | Gauntlet | Found a transporter.
 24777 | Gauntlet | Found a transporter.
 24792 | Gauntlet | Found a transporter.
 24802 | Gauntlet | Found a transporter.
 24808 | Gauntlet | Found a transporter.
 25029 | Gauntlet | Found the +9 staff of Olgreb {rPois∞}
 25029 | Gauntlet | Identified the +4 flail "Uvyoto" {pain, rPois}
 25301 | D:14     | Found a basalt altar of Yredelemnul.
 25787 | D:14     | Found Banuxt's General Store.
 26068 | D:15     | Entered Level 15 of the Dungeon
 26082 | D:15     | Found a staircase to the Depths.
 26098 | D:15     | Reached skill level 1 in Long Blades
 26473 | D:15     | Reached skill level 10 in Spellcasting
 26808 | D:15     | Reached skill level 10 in Invocations
 27264 | D:15     | Learned a level 6 spell: Statue Form
 27336 | D:15     | Reached skill level 1 in Staves
 27650 | Orc:1    | Entered Level 1 of the Orcish Mines
 28143 | Orc:1    | Reached skill level 1 in Transmutations
 28569 | Orc:1    | Found Seewabob's Book Emporium.
 28676 | Orc:2    | Entered Level 2 of the Orcish Mines
 29204 | Orc:2    | Found a staircase to the Elven Halls.
 29766 | Orc:2    | Found Xotil's Armour Boutique.
 29796 | Orc:2    | Reached skill level 1 in Earth Magic
 29830 | Orc:2    | Found Toipt's Antique Weapon Shoppe.
 29832 | Orc:2    | Found Imuiwol's Antique Armour Shoppe.
 29869 | Orc:2    | Bought a runed triple sword for 286 gold pieces
 30091 | Orc:2    | Found Hyamean's Weapon Shoppe.
 30498 | Spider:1 | Entered Level 1 of the Spider Nest
 30509 | Spider:1 | Gained mutation: When low on magic, you restore magic in
                  | place of health. [demonic ancestry]
 30509 | Spider:1 | Reached XP level 16. HP: 108/120 MP: 26/30
 31913 | Shoals:1 | Entered Level 1 of the Shoals
 31913 | Shoals:1 | Noticed Yveteg's ghost (adept DsHW)
 31913 | Shoals:1 | Found a runed translucent gate.
 31913 | Shoals:1 | Found a runed translucent gate.
 31913 | Shoals:1 | Found a runed translucent gate.
 32944 | Shoals:1 | Found Imaacvil's Distillery.
 33220 | Shoals:1 | Reached skill level 10 in Dodging
 33729 | Shoals:2 | Reached skill level 5 in Air Magic
 33733 | Shoals:2 | Noticed Ilsuiw
 33733 | Shoals:2 | Noticed Jorgrun
 33823 | Shoals:2 | Killed Jorgrun
 35478 | Shoals:2 | Killed Ilsuiw
 35669 | Shoals:3 | Learned a level 7 spell: Orb of Destruction
 35750 | Shoals:3 | Noticed Bai Suzhen
 35842 | Shoals:3 | Noticed a kraken
 35903 | Shoals:3 | Killed a kraken
 35904 | Shoals:3 | Reached XP level 17. HP: 76/126 MP: 24/32
 36588 | Shoals:3 | Killed Bai Suzhen
 36780 | Shoals:3 | Identified the +1 ring mail "Retec" {rF- Will+ Int+3}
 36782 | Shoals:3 | Noticed Kirke
 36796 | Shoals:3 | Killed Kirke
 37091 | Shoals:4 | Entered Level 4 of the Shoals
 37479 | Shoals:4 | Reached skill level 12 in Conjurations
 37734 | Shoals:4 | Got a barnacled rune of Zot
 37760 | Shoals:4 | Identified the +7 shortbow "Kuyhumm" {flame, rElec rF+
                  | Dex+2}
 37780 | Shoals:4 | Killed from afar by a merfolk aquamancer

Illustrated notes

Levels and vault maps discovered:
D:1:      mrwooster_arrival_arrow, layout_basic, serial_corexii_hall,
          corexii_hall_statues_s, corexii_hall_statues_l,
          chequers_hall_statues_corner_a, corexii_hall_statues_i, serial_shops,
          shop, minmay_distorted
D:2:      layout_loops_corners, shapermc_ecumenical_altar_ellora
D:3:      layout_basic, nicolae_overflow_hidden_temple
D:4:      layout_rooms, mainiacjoe_overflow_concentric_impassable,
          serial_curves, eino_curves_03, eino_curves_01, uniq_robin
D:5:      layout_basic, grunt_temple_overflow_open, grunt_ministairs_1,
          uniq_crazy_yiuf_cottage, uniq_eustachio
D:6:      layout_basic, mainiacjoe_overflow_brackets,
          worldfamousw_hep_ancestral_shrine, mainiacjoe_overflow_24_doors,
          uniq_menkaure
D:7:      gammafunk_cloud_chamber, layout_loops_ring, general_overflow_altar,
          minmay_temple_entry_antechambers, serial_shops, shop_scrolls,
          uniq_pikel
D:8:      layout_gridville
D:9:      layout_basic, nicolae_gozag_zags_fifth_avenue, zombieorc1_lemuel,
          minmay_crystal_room, uniq_harold
D:10:     nicolae_cairo_tiling_very_big, layout_irregular_city,
          lemuel_coloured_pillars_altar, grunt_lair_entry_orc_guard_hut,
          serial_shops, shop, dreamdust_gnoll_shepherd
D:11:     layout_irregular_city, biasface_ghost_orc_armoury
D:12:     layout_roguey
D:13:     layout_gridville, skrybe_vaults_entry_preservation
D:14:     layout_stronghold, gauntlet_entry_generic, serial_shops,
          kennysheep_little_box, lemuel_zombie_altar_yredelemnul
D:15:     hangedman_depths_entry_try_elsewhere_first, layout_rooms,
          minmay_misc_feat_iff, nrook_mini_vaults,
          minmay_misc_feat_secret_circle
Lair:1:   layout_cave_pods, grunt_megastairs_2, serial_bayou_shore_a
Lair:2:   nzn_winding_woodlands_medium [nzn_winding_woodlands_5x5_closed_star,
          nzn_winding_woodlands_5x15_sidewinder,
          nzn_winding_woodlands_5x5_open_star, nzn_winding_woodlands_5x5_three,
          nzn_winding_woodlands_center_pierced_h,
          nzn_winding_woodlands_5x5_cross, nzn_winding_woodlands_5x5_perimeter,
          nzn_winding_woodlands_5x15_split_checker,
          nzn_winding_woodlands_hourglass], layout_loops_ring,
          nicolae_spider_entry_tight_spaces
Lair:3:   layout_misc_corridors, beast_lair_carwin_11, uniq_gastronok
Lair:4:   layout_layer_cave, minmay_shoals_entry_lonely_mermaid,
          gammafunk_ghost_hydra_chop, serial_bayou_pond_d, minivault_24,
          infiniplex_staircase_pool_2
Lair:5:   layout_loops_ring, dpeg_slime_entry_enclosed
Lair:6:   evilmike_catoblepas_cave, layout_loops_ring
Shoals:1: cheibrodos_shoals_oceanic_diplomacy, layout_shoals, serial_shops,
          shop, ebering_ghost_rock_garden
Shoals:2: cheibrodos_shoals_roost, layout_shoals, nicolae_shoals_shepherds,
          uniq_ilsuiw, uniq_jorgrun
Shoals:3: layout_shoals, uniq_bai_suzhen, uniq_kirke
Shoals:4: shoals_end_simple, layout_shoals, shoals_ilsuiw_ice,
          nicolae_shoals_hunting_party, uniq_louise
Spider:1: layout_spider_delve, drop_trap
Orc:1:    cheibrodos_orc_arena, layout_caves, serial_shops,
          nicolae_lakefront_shop
Orc:2:    hellmonk_orc_salted, layout_diamond_mine

Skill      XL: |  1  2  3  4  5  6  7  8  9 10 11 12 13 14 15 16 17 |
---------------+----------------------------------------------------+-----
Dodging        | 2 3 4 5 6 7 8 9 10 | 10.3
Fighting       | 1 2 3 4 5 6 7 8 9 |  9.8
Stealth        | 2 3 4 5 |  5.4
Conjurations   | 5 6 7 8 9 10 11 12 | 12.0
Spellcasting   | 3 4 5 6 7 8 9 10 11 | 11.7
Evocations     | 1 2 3 4 5 6 7 8 9 |  9.1
Short Blades   | 1 2 3 4 5 6 7 |  7.4
Invocations    | 1 2 4 5 6 7 8 9 10 11 | 11.2
Translocations | 1 2 3 4 5 6 7 8 |  8.0
Axes           | 1 4 6 8 9 10 | 10.5
Air Magic      | 1 3 4 6 |  6.6
Long Blades    | 3 4 |  4.8
Staves         | 2 |  2.8
Transmutations | 2 3 |  3.5
Earth Magic    | 1 2 3 |  3.3
Throwing       | |  0.2
Armour         | |  0.9

Action                   |  1- 3 |  4- 6 |  7- 9 | 10-12 | 13-15 | 16-18 || total
-------------------------+-------+-------+-------+-------+-------+-------++-------
Melee: Unarmed           |    14 |       |       |       |       |       ||    14
       Dagger            |    53 |    79 |    34 |   105 |   275 |       ||   546
       Punch             |       |     1 |     2 |     3 |    10 |     4 ||    20
       War axe           |       |       |    11 |   233 |   323 |       ||   567
       Headbutt          |       |       |       |    84 |   270 |    58 ||   412
       Touch             |       |       |       |    85 |   195 |    36 ||   316
       Staff             |       |       |       |       |   197 |   154 ||   351
       Scimitar          |       |       |       |       |    22 |    36 ||    58
       Triple sword      |       |       |       |       |     5 |       ||     5
Throw: Javelin           |       |       |     2 |     4 |     5 |       ||    11
       Boomerang         |       |       |       |       |       |     5 ||     5
 Cast: Magic Dart        |    91 |    53 |   150 |    22 |    18 |       ||   334
       Searing Ray       |       |     9 |    47 |    23 |     9 |       ||    88
       Iskenderun's Myst |       |       |     3 |    58 |   167 |    43 ||   271
       Airstrike         |       |       |       |       |     1 |   202 ||   203
       Orb of Destructio |       |       |       |       |       |     4 ||     4
       Statue Form       |       |       |       |       |       |     2 ||     2
Invok: Step From Time    |       |       |       |       |       |     4 ||     4
       Slouch            |       |       |       |       |       |     2 ||     2
       Bend Time         |       |       |       |       |       |     1 ||     1
 Abil: Evoke the Staff o |       |       |       |       |    65 |    85 ||   150
Evoke: Wand              |       |       |     4 |     8 |       |    14 ||    26
  Use: Potion            |       |       |     2 |     5 |     2 |     8 ||    17
       Scroll            |       |       |       |    14 |     3 |    10 ||    27
 Stab: Paralysed         |       |       |     1 |     2 |       |       ||     3
       Sleeping          |       |       |       |    15 |    16 |       ||    31
       Distracted        |       |       |       |     1 |     3 |       ||     4
       Petrifying        |       |       |       |       |     1 |       ||     1
       Petrified         |       |       |       |       |     1 |       ||     1
Armor: Robe              |    20 |    23 |    47 |       |       |       ||    90
       Skin              |       |       |     2 |    21 |       |    30 ||    53
       Leather armour    |       |       |     1 |       |       |       ||     1
       Steam dragon scal |       |       |       |   137 |   366 |   157 ||   660
Dodge: Dodged            |    65 |    52 |   129 |   405 |  1067 |   465 ||  2183

Table legend: (Time is in decaauts)
 A = Elapsed time spent in this place.
 B = Non-inter-level travel time spent in this place.
 C = Inter-level travel time spent in this place.
 D = Time resting spent in this place.
 E = Time spent auto-exploring this place.
 F = Levels seen in this place.
 G = Mean time per level.
                   A        B        C        D        E       F      G
               +--------+--------+--------+--------+--------+-----+--------+
         Total |  50968 |  48247 |   2721 |   5315 |  35674 |  29 | 1757.5 |
       Dungeon |  23413 |  22235 |   1178 |   1218 |  18013 |  15 | 1560.9 |
          Lair |  13832 |  12901 |    931 |   1196 |   9914 |   6 | 2305.3 |
        Shoals |   7854 |   7474 |    380 |   2036 |   4300 |   4 | 1963.5 |
   Spider Nest |   1145 |   1145 |      0 |    527 |    277 |   1 | 1145.0 |
  Orcish Mines |   3857 |   3627 |    230 |    257 |   2711 |   2 | 1928.5 |
      Gauntlet |    864 |    864 |      0 |     81 |    457 |   1 |  864.0 |
               +--------+--------+--------+--------+--------+-----+--------+

Top non-repeatable levels by time:
  Lair:2: 3124 daAuts
  Lair:6: 2856 daAuts
  Lair:1: 2598 daAuts
    D:13: 2571 daAuts
Shoals:2: 2566 daAuts
Shoals:1: 2502 daAuts
Shoals:3: 2412 daAuts
   Orc:2: 2079 daAuts
     D:9: 1986 daAuts
  Lair:4: 1965 daAuts
    D:15: 1873 daAuts
   Orc:1: 1778 daAuts
    D:14: 1760 daAuts
    D:10: 1690 daAuts
     D:1: 1676 daAuts
